 Dungeon Crawl Stone Soup version 0.30-a0-1157-g2cc9ac7196 (webtiles) character file.

Game seed: 8043754497323175574

135286 Ahpoh the Tortoise (level 17, -13/108 (113) HPs)
             Began as a Gargoyle Gladiator on Mar 31, 2023.
             Was the Champion of Wu Jian.
             Killed from afar by a deep elf annihilator (54 damage)
             ... with a crystal spear
             ... on level 2 of the Elven Halls on Apr 24, 2023.
             The game lasted 02:48:00 (29435 turns).

Ahpoh the Tortoise (Gargoyle Gladiator)            Turns: 29435, Time: 02:48:01

HP:   -13/108 (113) AC: 49    Str: 17    XL:     17   Next: 19%
MP:   17/17         EV:  7    Int: 12    God:    Wu Jian [******]
Gold: 2314          SH: 19    Dex: 20    Spells: 16/16 levels left

rFire   + . .        m - +9 lance "Wyrmbane" {slay drac, rPois rF+ rC+ AC+3, Ahpoh}
rCold   + . .        N - +0 tower shield
rNeg    + . .        M - +3 plate armour of Blue Skies {Drain Int+3 SInv}
rPois   ∞            c - +0 helmet
rElec   +            f - +2 cloak
rCorr   .            h - +0 pair of fencer's gloves {Riposte Dex+3}
SInv    +            Q - +0 pair of boots
Will    +++..        I - necklace of Bloodlust {Fury *Rage Will++ Int-3 Slay+6} Stlth
                     G - +4 ring of protection
HPRegen 0.38/turn    r - +4 ring of slaying
MPRegen 0.15/turn

%: random rage (50%)
@: on berserk cooldown, flying, slowed, lightly drained, very slow
A: sickness immunity, AC +12, big wings, negative energy resistance 1,
electricity resistance, torment resistance 1, petrification resistance
a: Renounce Religion, Wall Jump, Serpent's Lash, Heavenly Storm


You were on level 2 of the Elven Halls.
You worshipped Wu Jian.
Wu Jian was exalted by your worship.
You visited 4 branches of the dungeon, and saw 21 of its levels.
You also visited: Gauntlet.

You collected 3677 gold pieces.
You spent 1363 gold pieces at shops.

Inventory:

Hand Weapons
 m - the +9 lance "Wyrmbane" (weapon) {slay drac, rPois rF+ rC+ AC+3, Ahpoh}
   (You took it off Maggie on level 6 of the Dungeon)

   AC:        It affects your AC (+3).
   rF:        It protects you from fire.
   rC:        It protects you from cold.
   rPois:     It protects you from poison.
 H - a +9 vampiric demon blade
Missiles
 d - 2 throwing nets
 e - 7 javelins
 B - 26 poisoned darts (quivered)
 F - 4 curare-tipped darts
 W - 4 datura-tipped darts
Armour
 c - a +0 helmet (worn)
 f - a +2 cloak (worn)
 h - the +0 pair of fencer's gloves (worn) {Riposte Dex+3}
   (You acquired it on level 2 of the Dungeon)

   Riposte:   It allows the wearer to riposte with melee weapons, swiftly
   retaliating against missed or blocked melee attacks.
   Dex:       It affects your dexterity (+3).
 M - the +3 plate armour of Blue Skies (worn) {Drain Int+3 SInv}
   (You found it on level 2 of the Elven Halls)

   Int:       It affects your intelligence (+3).
   SInv:      It lets you see invisible.
   Drain:     It drains your maximum health when unequipped.
 N - a +0 tower shield (worn)
 Q - a +0 pair of boots (worn)
Jewellery
 i - an amulet of the acrobat
 r - a +4 ring of slaying (right hand)
 G - a +4 ring of protection (left hand)
 I - the necklace of Bloodlust (around neck) {Fury *Rage Will++ Int-3 Slay+6}
   (You found it on level 7 of the Dungeon)

   [amulet of nothing]

   Fury:      It extends the wearer's berserk rage when killing foes.
   Int:       It affects your intelligence (-3).
   Slay:      It affects your accuracy & damage with ranged weapons and melee
   (+6).
   *Rage:     It berserks you when you make melee attacks (+50% chance).
   Will:      It greatly increases your willpower.
 J - a +5 ring of evasion
 U - the ring of Ignis, Holding {rC+ Will+ rCorr Dex+2}
   (You found it on level 12 of the Dungeon)

   [ring of protection from cold]

   Dex:       It affects your dexterity (+2).
   rC:        It protects you from cold.
   rCorr:     It protects you from acid and corrosion.
   Will:      It increases your willpower.
 Z - a ring of protection from cold
Wands
 a - a wand of polymorph (5)
 y - a wand of mindburst (6)
 L - a wand of acid (16)
 T - a wand of roots (14)
 Y - a wand of flame (21)
Scrolls
 j - 4 scrolls of enchant armour
 n - 5 scrolls of magic mapping
 q - 3 scrolls of immolation
 u - 5 scrolls of poison
 v - a scroll of fear
 x - a scroll of vulnerability {unknown}
 C - 2 scrolls of enchant weapon
 D - 4 scrolls of amnesia
 E - 4 scrolls of fog
 S - a scroll of brand weapon {unknown}
 V - a scroll of butterflies {unknown}
Potions
 b - a potion of magic
 g - a potion of cancellation {unknown}
 k - 5 potions of attraction
 s - a potion of resistance
 t - 5 potions of mutation
 w - 2 potions of flight
 z - 2 potions of curing
 A - 3 potions of degeneration
 K - 4 potions of brilliance
 R - a potion of berserk rage
Miscellaneous
 l - a phantom mirror (inert)
 o - a lightning rod (3/4)


   Skills:
 + Level 15.5 Fighting
 + Level 7.5 Long Blades
 + Level 15.0 Polearms
 + Level 4.1 Throwing
 + Level 16.5 Armour
 + Level 4.9 Dodging
 + Level 4.4 Stealth
 + Level 13.1 Shields
 + Level 1.2 Evocations


You had 16 spell levels left.
You didn't know any spells.
Your spell library contained the following spells:

 Spells                   Type           Power      Damage    Failure   Level
 Apportation              Tloc           0%         N/A       100%        1
 Freeze                   Ice            0%         1d3       100%        1
 Necrotise                Necr           0%         1d4       100%        1
 Summon Small Mammal      Summ           0%         N/A       100%        1
 Blink                    Tloc           0%         N/A       100%        2
 Lesser Beckoning         Tloc           0%         N/A       100%        2
 Momentum Strike          Conj/Tloc      0%         3d8       100%        2
 Frozen Ramparts          Ice            0%         1d1       100%        3
 Hailstorm                Conj/Ice       0%         3d3       100%        3
 Dispel Undead            Necr           0%         3d6       100%        4
 Arcjolt                  Conj/Air       0%         1d10      100%        5
 Death Channel            Necr           0%         N/A       100%        6
 Fire Storm               Conj/Fire      0%         5d1       100%        9
 Cigotuvi's Dreadful Rot  Necr/Pois/Air  Unusable   N/A       N/A         2

Dungeon Overview and Level Annotations

Branches:
Dungeon (15/15)            Temple (1/1) D:4            Lair (0/5) D:8
    Orc (2/2) D:11            Elf (3/3) Orc:2        Vaults (0/5) D:14
 Depths (0/4) D:15        Gauntlet (visited)

Altars:
Ashenzari
Cheibriados
Dithmenos
Elyvilon
Fedhas
Gozag
Hepliaklqana
Kikubaaqudgha
Makhleb
Nemelex Xobeh
Okawaru
Qazlal
Ru
Sif Muna
Trog
Uskayaw
Vehumet
Wu Jian
Xom
Yredelemnul
Zin
The Shining One

Shops:
D:3 ?   D:5 (   D:9 (   Orc:2 :(**   Elf:2 ?*:   Elf:3 [

Portals:
Pandemonium: Orc:2

Annotations:
D:8 2 transporters


Innate Abilities, Weirdness & Mutations

You are immune to sickness and miasma.
Your stone body is resilient. (AC +12)
You are immune to poison.
Your large and strong wings let you fly.
You resist negative energy. (rN+)
You are resistant to electric shocks. (rElec)
You are resistant to unholy torment.
You are immune to petrification.


Message History

The deep elf high priest shoots an arrow.
The arrow hits you but does no damage.
The deep elf annihilator points at you and mumbles some strange words.
The poison arrow hits you but does no damage.
The deep elf elementalist gestures wildly while chanting.
The deep elf elementalist seems to speed up.
The deep elf high priest shoots an arrow.
The arrow hits you but does no damage.
The deep elf demonologist shouts!
You feel much better.
You block the deep elf annihilator's attack.
The deep elf death mage points at you and mumbles some strange words.
The bolt of negative energy misses you.
The deep elf high priest shoots an arrow.
You block the arrow.
The deep elf annihilator casts a spell.
The deep elf annihilator blinks!
The deep elf demonologist mumbles some strange words.
The deep elf annihilator attacks as you move away!
You block the deep elf annihilator's attack.
The deep elf elementalist gestures at you while chanting.
Some walls begin to move on their own!
The deep elf death mage beckons forth a restless soul!
You hear a shout! x4
There is an escape hatch in the ceiling here.
The deep elf death mage beckons forth a restless soul!
The deep elf annihilator hits you but does no damage.
The deep elf elementalist points next to you and mumbles some strange words.
Some walls begin to move on their own!
You block the deep elf annihilator's attack.
You riposte.
You puncture the deep elf annihilator!
The deep elf annihilator is severely wounded.
You hear a shout!
A mysterious force pulls you upwards. The hatch slams shut behind you.
You miss the deep elf annihilator.
The deep elf annihilator is severely wounded.
The deep elf annihilator gestures at you while chanting.
The crystal spear hits you!!!
Ouch! That really hurt!
You die...

.................................
.......................).........
.................................
.................................
........................###......
.......................## ##....#
.......................# #....#
......................## ##....#
....###.........@...### ###......
...## ##........e..## ##........
...# #...........# #.........
...## ##..........## ##.........
....###.........### ###..........
...............## ##...........#
...............# #............#
...............## ##............#
................###..............


You could see a deep elf annihilator (empowered).

Vanquished Creatures
  A deep elf blademaster (Elf:3)
  A deep elf master archer (Elf:3)
  2 deep elf elementalists (Elf:3)
  An orc warlord (Orc:2)
  A deep elf demonologist (Elf:3)
  5 deep elf annihilators
  A minotaur (Gauntlet)
  An ettin (Orc:1)
  4 deep elf death magi (Elf:3)
  2 deep elf high priests
  The ghost of patfeehan111222 the Severer, a journeyman MiBe of Trog (D:12)
  4 vault guards (D:14)
  7 centaur warriors
  3 boulder beetles
  2 demonspawn (Orc:2)
  21 dancing weapons
  A death knight (D:14)
  A tengu warrior (D:9)
  8 two-headed ogres
  11 orc high priests
  Sonja (Orc:1)
  21 deep elf knights
  4 skeletal warriors (D:12)
  A wizard (D:14)
  A deep troll (D:7)
  17 deep elf archers
  7 orc knights
  24 deep elf zephyrmancers
  7 ugly things
  A wolf spider (D:15)
  8 cyclopes
  32 deep elf pyromancers
  2 manticores
  4 orc sorcerers (Orc:2)
  A centaur zombie (D:12)
  A spectral centaur (D:12)
  Joseph (D:7)
  2 rust devils (Orc:2)
  Maggie (D:6)
  2 gargoyles
  Psyche (D:8)
  An unseen horror (shapeshifter) (Elf:3)
  2 freezing wraiths (D:13)
  A tengu conjurer (D:14)
  An unseen horror (D:11)
  An efreet (D:9)
  A komodo dragon (D:13)
  2 red devils (Orc:2)
  8 trolls
  Prince Ribbit (D:7)
  3 hornets
  A raiju (Gauntlet)
  11 slime creatures
  3 centaur simulacra (D:12)
  A culicivora (shapeshifter) (D:13)
  4 shadows
  3 water elementals
  3 air elementals
  A vampire (D:11)
  2 wraiths
  5 yaks
  A human (D:14)
  A fire bat (Gauntlet)
  4 fire elementals
  7 wyverns
  A basilisk (D:14)
  7 vampire mosquitoes
  3 steam dragons
  5 wargs
  3 acid dragons
  A spectral hornet (D:12)
  7 water moccasins
  A hell hound (Gauntlet)
  40 orc warriors
  An ice beast (D:7)
  A meliai simulacrum (D:12)
  A sky beast (D:8)
  6 ogres
  16 centaurs
  3 phantoms
  Blork the orc (D:6)
  3 kobold brigands
  5 bullfrogs
  A scorpion (D:8)
  2 earth elementals
  4 wights (D:8)
  A troll zombie (D:11)
  8 killer bees
  4 howler monkeys
  A gnoll bouda (D:9)
  4 jellies
  30 orc priests
  4 iguanas
  22 orc wizards
  2 sleepcaps
  Natasha (thrice) (D:3)
  5 ogre zombies (D:11)
  A boggart simulacrum (D:12)
  11 gnolls
  8 adders
  2 white imps
  2 worms
  4 dart slugs
  81 orcs
  6 bats
  A giant cockroach (D:1)
  9 goblins
  7 hobgoblins
  4 jackals (D:2)
  3 quokkas
  11 ball pythons
  A frilled lizard (D:2)
  2 goblin zombies (D:11)
  A hobgoblin skeleton (D:11)
  2 hobgoblin zombies (D:11)
  7 kobolds
  2 orc skeletons (D:11)
  12 orc zombies (D:11)
  6 rats
664 creatures vanquished.

Vanquished Creatures (collateral kills)
  A deep elf master archer (Elf:3)
  A deep elf annihilator (Elf:3)
2 creatures vanquished.

Vanquished Creatures (others)
  A deep elf blademaster (Elf:3)
  An orc wizard (Orc:1)
  A ball lightning (Elf:1)
  2 fungi (D:8)
  13 plants
  2 withered plants (D:4)
20 creatures vanquished.

Grand Total: 686 creatures vanquished

Notes
Turn   | Place    | Note
-------+----------+-------------------------------------------
     0 | D:1      | Ahpoh the Gargoyle Gladiator began the quest for the Orb.
     0 | D:1      | Reached XP level 1. HP: 12/12 MP: 1/1
   135 | D:1      | Reached XP level 2. HP: 16/18 MP: 2/2
   552 | D:1      | Reached XP level 3. HP: 21/22 MP: 3/3
  1043 | D:2      | Found a sparkling altar of Nemelex Xobeh.
  1080 | D:2      | Identified 3 scrolls of acquirement
  1080 | D:2      | Acquired a +4 ring of slaying
  1083 | D:2      | Acquired 881 gold pieces
  1085 | D:2      | Acquired the +0 pair of fencer's gloves {Riposte Dex+3}
  1085 | D:2      | Found the +0 pair of fencer's gloves {Riposte Dex+3}
  1108 | D:2      | Reached XP level 4. HP: 27/27 MP: 4/4
  1473 | D:3      | Reached skill level 1 in Armour
  1642 | D:3      | Noticed Natasha
  1654 | D:3      | Killed Natasha
  1655 | D:3      | Reached XP level 5. HP: 14/32 MP: 5/5
  1779 | D:3      | Noticed Natasha
  1792 | D:3      | Killed Natasha
  1988 | D:3      | Reached skill level 1 in Stealth
  1994 | D:3      | Found Idotz's Magic Scroll Boutique.
  2003 | D:3      | Bought a scroll of identify for 26 gold pieces
  2003 | D:3      | Bought a scroll of identify for 26 gold pieces
  2003 | D:3      | Bought a scroll of identify for 26 gold pieces
  2169 | D:3      | Noticed Natasha
  2178 | D:3      | Killed Natasha
  2547 | D:4      | Reached skill level 2 in Armour
  2566 | D:4      | Reached XP level 6. HP: 29/37 MP: 6/6
  2641 | D:4      | Found a staircase to the Ecumenical Temple.
  2648 | Temple   | Entered the Ecumenical Temple
  2677 | Temple   | Became a worshipper of the Wu Jian Council
  3318 | D:4      | Found an ancient bone altar of Kikubaaqudgha.
  3723 | D:5      | Entered Level 5 of the Dungeon
  3896 | D:5      | Reached skill level 3 in Armour
  3896 | D:5      | Reached XP level 7. HP: 40/41 MP: 7/7
  3956 | D:5      | Found Nuel's Antique Weapon Shop.
  3994 | D:5      | Reached skill level 5 in Long Blades
  4764 | D:6      | Found a glowing golden altar of the Shining One.
  4834 | D:6      | Noticed Blork the orc
  4849 | D:6      | Killed Blork the orc
  4850 | D:6      | Reached skill level 4 in Armour
  4985 | D:6      | Reached XP level 8. HP: 33/48 MP: 8/8
  4994 | D:6      | Found a white marble altar of Elyvilon.
  5246 | D:6      | Noticed Maggie
  5285 | D:6      | Killed Maggie
  5371 | D:6      | Reached skill level 5 in Fighting
  5814 | D:6      | Found an opulent altar of Gozag.
  5984 | D:6      | Reached skill level 5 in Armour
  5987 | D:6      | Reached * piety under Wu Jian
  6165 | D:6      | Reached XP level 9. HP: 44/55 MP: 9/9
  6239 | D:7      | Noticed Prince Ribbit
  6242 | D:7      | Reached skill level 1 in Polearms
  6245 | D:7      | Killed Prince Ribbit
  6283 | D:7      | Found a radiant altar of Vehumet.
  6340 | D:7      | Reached skill level 6 in Armour
  6385 | D:7      | Noticed a hornet
  6392 | D:7      | Killed a hornet
  6471 | D:7      | You fall into a shaft and drop 3 floors!
  6471 | D:10     | Entered Level 10 of the Dungeon
  6566 | D:7      | Noticed a deep troll
  6577 | D:7      | Killed a deep troll
  6578 | D:7      | Reached skill level 7 in Armour
  6578 | D:7      | Reached XP level 10. HP: 35/61 MP: 10/10
  6579 | D:7      | Found the necklace of Bloodlust {Fury *Rage Will++ Int-3
                  | Slay+6}
  6726 | D:7      | Noticed Joseph
  6737 | D:7      | Killed Joseph
  6738 | D:7      | Reached skill level 5 in Polearms
  7036 | D:8      | Found a staircase to the Lair.
  7056 | D:8      | Reached ** piety under Wu Jian
  7146 | D:8      | Noticed Psyche
  7152 | D:8      | Killed Psyche
  7356 | D:8      | Reached skill level 8 in Armour
  7382 | D:8      | Found a shadowy altar of Dithmenos.
  7465 | D:8      | Found a transporter.
  7471 | D:8      | Found a transporter.
  7481 | D:8      | Found an iron altar of Okawaru.
  7507 | D:8      | Found a transporter.
  7513 | D:8      | Found a transporter.
  7516 | D:8      | Found a transporter.
  7517 | D:8      | Found a transporter.
  7532 | D:8      | Noticed a +0 dagger
  7532 | D:8      | Noticed a +0 dagger
  7537 | D:8      | Found a hide-covered altar of Uskayaw.
  7609 | D:8      | Found a sacrificial altar of Ru.
  7814 | D:8      | Found a hazy altar of Hepliaklqana.
  7814 | D:8      | Found a snail-covered altar of Cheibriados.
  8064 | D:9      | Noticed a two-headed ogre
  8072 | D:9      | Killed a two-headed ogre
  8073 | D:9      | Reached XP level 11. HP: 65/68 MP: 11/11
  8270 | D:9      | Found Isian's Antique Weapon Shoppe.
  8399 | D:9      | Noticed a two-headed ogre
  8479 | D:9      | Killed a two-headed ogre
  8506 | D:9      | Noticed a two-headed ogre
  8513 | D:9      | Killed a two-headed ogre
  8614 | D:9      | Reached *** piety under Wu Jian
  8700 | D:9      | Noticed a tengu warrior
  8700 | D:9      | Noticed a deep elf pyromancer
  8700 | D:9      | Noticed a deep elf pyromancer
  8781 | D:9      | Killed a deep elf pyromancer
  8831 | D:9      | Killed a tengu warrior
  8878 | D:9      | Found a broken altar of Ashenzari.
  9137 | D:9      | Noticed a two-headed ogre
  9142 | D:9      | Killed a deep elf pyromancer
  9143 | D:9      | Reached skill level 9 in Armour
  9146 | D:9      | Killed a two-headed ogre
  9440 | D:8      | Reached skill level 1 in Shields
  9677 | D:10     | Noticed a two-headed ogre
  9687 | D:10     | Killed a two-headed ogre
  9688 | D:10     | Reached skill level 10 in Polearms
  9841 | D:10     | Reached XP level 12. HP: 76/76 MP: 12/12
 10112 | D:10     | Noticed a two-headed ogre
 10120 | D:10     | Killed a two-headed ogre
 10156 | D:10     | Found a sparkling altar of Nemelex Xobeh.
 10426 | D:11     | Found a staircase to the Orcish Mines.
 10496 | D:11     | Reached **** piety under Wu Jian
 11658 | D:12     | Noticed a two-headed ogre
 11668 | D:12     | Killed a two-headed ogre
 11724 | D:12     | Reached skill level 10 in Armour
 11730 | D:12     | Reached skill level 10 in Fighting
 11771 | D:12     | Noticed a boulder beetle
 11784 | D:12     | Killed a boulder beetle
 11826 | D:12     | Found a runed translucent gate.
 11826 | D:12     | Found a runed translucent gate.
 11826 | D:12     | Found a runed translucent gate.
 11828 | D:12     | Noticed patfeehan111222's ghost (journeyman MiBe)
 11834 | D:12     | Noticed a two-headed ogre
 11840 | D:12     | Killed a two-headed ogre
 11952 | D:12     | Identified the ring of Ignis, Holding {rC+ Will+ rCorr
                  | Dex+2}
 12021 | D:12     | Found a gate leading to a gauntlet.
 12030 | Gauntlet | Entered a Gauntlet
 12030 | Gauntlet | Found a transporter.
 12035 | Gauntlet | Found a transporter.
 12037 | Gauntlet | Found a transporter.
 12041 | Gauntlet | Found a runed translucent door.
 12050 | Gauntlet | Found a runed translucent door.
 12053 | Gauntlet | Found a transporter.
 12056 | Gauntlet | Found a transporter.
 12064 | Gauntlet | Noticed a hell hog
 12065 | Gauntlet | Found a transporter.
 12081 | Gauntlet | Found a transporter.
 12081 | Gauntlet | Noticed a catoblepas
 12092 | Gauntlet | Found a transporter.
 12100 | Gauntlet | Noticed a death yak
 12101 | Gauntlet | Noticed a death yak
 12102 | Gauntlet | Noticed a death yak
 12102 | Gauntlet | Noticed a death yak
 12102 | Gauntlet | Noticed a death yak
 12103 | Gauntlet | Found a runed translucent gate.
 12104 | Gauntlet | Found a transporter.
 12104 | Gauntlet | Found a runed translucent gate.
 12106 | Gauntlet | Found a runed translucent gate.
 12109 | Gauntlet | Found a transporter.
 12130 | Gauntlet | Found a runed translucent door.
 12138 | Gauntlet | Found a transporter.
 12138 | Gauntlet | Found a transporter.
 12141 | Gauntlet | Found a runed translucent door.
 12204 | Gauntlet | Found a transporter.
 12205 | Gauntlet | Found a transporter.
 12207 | Gauntlet | Noticed an entropy weaver
 12356 | Gauntlet | a golden eye changed into an entropy weaver
 12356 | Gauntlet | Noticed an entropy weaver (shapeshifter)
 12359 | Gauntlet | an entropy weaver changed into a faun
 12429 | Gauntlet | Identified the +4 great sword of Ebepac {elec, rPois rF++
                  | Stlth-}
 12429 | Gauntlet | Noticed a minotaur
 12441 | Gauntlet | Killed a minotaur
 12442 | Gauntlet | Reached XP level 13. HP: 46/83 MP: 13/13
 12880 | D:12     | Got the Information on Vehement Transposition
 13497 | D:13     | Reached skill level 11 in Armour
 13830 | D:13     | Reached ***** piety under Wu Jian
 14946 | D:14     | Reached skill level 12 in Armour
 14956 | D:14     | Reached skill level 5 in Shields
 15290 | D:14     | Noticed a vault guard
 15290 | D:14     | Noticed a vault guard
 15301 | D:14     | Noticed a vault guard
 15320 | D:14     | Killed a vault guard
 15708 | D:14     | Found a gate to the Vaults.
 15708 | D:14     | Noticed a vault guard
 15726 | D:14     | Killed a vault guard
 15778 | D:14     | Killed a vault guard
 15781 | D:14     | Gained mutation: Your large and strong wings let you fly.
                  | [Gargoyle growth]
 15781 | D:14     | Reached XP level 14. HP: 90/90 MP: 14/14
 16723 | D:15     | Entered Level 15 of the Dungeon
 17144 | D:15     | Found a staircase to the Depths.
 17144 | D:15     | Noticed a fire giant
 18075 | D:12     | Killed patfeehan111222's ghost
 18076 | D:12     | Reached skill level 13 in Armour
 18168 | Orc:1    | Entered Level 1 of the Orcish Mines
 18538 | Orc:1    | Noticed Sonja
 18553 | Orc:1    | Killed Sonja
 18591 | Orc:1    | Reached ****** piety under Wu Jian
 19023 | Orc:2    | Entered Level 2 of the Orcish Mines
 19025 | Orc:2    | Noticed an orc warlord
 19046 | Orc:2    | Killed an orc warlord
 19143 | Orc:2    | Found a staircase to the Elven Halls.
 19424 | Elf:1    | Entered Level 1 of the Elven Halls
 19605 | Orc:2    | Paralysed by an air elemental for 1 turns
 20440 | Elf:1    | Reached XP level 15. HP: 98/98 MP: 15/15
 20776 | Orc:2    | Reached skill level 14 in Armour
 22866 | Elf:2    | Identified the +3 plate armour of Blue Skies {Drain Int+3
                  | SInv}
 23166 | Elf:2    | Identified the +0 chain mail "Kilos" {Fly rElec rCorr
                  | Slay+4}
 23172 | Elf:2    | Reached skill level 10 in Shields
 23172 | Elf:2    | Found Byidis's CLEARANCE SALE!.
 23198 | Elf:2    | Bought a potion of curing for 18 gold pieces
 23198 | Elf:2    | Bought a potion of heal wounds for 30 gold pieces
 23269 | Elf:2    | Reached skill level 15 in Armour
 23479 | Elf:2    | Found Giathak's Book Boutique.
 23492 | Elf:2    | Found Kecvuare's Magic Scroll Boutique.
 23501 | Elf:2    | Bought a scroll of identify for 40 gold pieces
 23501 | Elf:2    | Bought a scroll of enchant armour for 150 gold pieces
 23501 | Elf:2    | Bought a scroll of teleportation for 60 gold pieces
 23501 | Elf:2    | Bought a scroll of teleportation for 60 gold pieces
 23501 | Elf:2    | Bought a scroll of poison for 80 gold pieces
 23501 | Elf:2    | Bought a scroll of teleportation for 60 gold pieces
 23501 | Elf:2    | Bought a scroll of identify for 40 gold pieces
 23695 | Elf:2    | Found a runed translucent gate.
 23695 | Elf:2    | Found a runed translucent gate.
 23695 | Elf:2    | Found a runed translucent gate.
 24100 | Elf:2    | Reached XP level 16. HP: 82/106 MP: 16/16
 25058 | Elf:3    | Entered Level 3 of the Elven Halls
 25058 | Elf:3    | Found Nuro's Armour Boutique.
 25084 | Elf:3    | Bought a +2 cloak for 247 gold pieces
 25089 | Elf:3    | Reached skill level 16 in Armour
 25200 | Elf:3    | Noticed a Hell Sentinel
 25392 | Elf:3    | Paralysed by an air elemental for 1 turns
 25396 | Elf:3    | Paralysed by an air elemental for 1 turns
 26156 | Elf:3    | Paralysed by an air elemental for 1 turns
 26161 | Elf:3    | Paralysed by an air elemental for 1 turns
 26165 | Elf:3    | Noticed a deep elf master archer
 26193 | Elf:3    | Identified the +6 hand axe of the Vaults {holy, *Slow rF+
                  | Str+4}
 26223 | Elf:3    | Killed a deep elf master archer
 26223 | Elf:3    | Identified the +7 whip of Vuedd {speed, rPois rN+++ Str-4
                  | Dex-2}
 26223 | Elf:3    | Noticed an Ice Fiend
 26226 | Elf:3    | Killed a ghostly deep elf master archer
 26228 | Elf:3    | Identified the +1 morningstar of Hacking and Slashing
                  | {flame, rPois Str+4 Int-2 SInv}
 26234 | Elf:3    | Noticed a deep elf blademaster
 26246 | Elf:3    | Killed a deep elf blademaster
 26247 | Elf:3    | Reached skill level 15 in Fighting
 26251 | Elf:3    | Noticed a deep elf master archer
 26436 | Elf:3    | Noticed a deep elf blademaster
 26449 | Elf:3    | Killed a deep elf blademaster
 27165 | Orc:2    | Found Yshretwigem's General Store.
 27165 | Orc:2    | Found Plog's General Store.
 27438 | Orc:2    | Bought 2 potions of heal wounds for 100 gold pieces
 27438 | Orc:2    | Bought a potion of curing for 30 gold pieces
 27438 | Orc:2    | Bought a potion of heal wounds for 50 gold pieces
 27438 | Orc:2    | Bought a lightning rod (4/4) for 300 gold pieces
 27438 | Orc:2    | Bought a scroll of identify for 20 gold pieces
 27440 | Orc:2    | Acquired a +4 vampiric demon blade
 27780 | Orc:2    | Found Kiffum's Book Boutique.
 27780 | Orc:2    | Found Fuxkapn's Antique Weapon Shop.
 27781 | Orc:2    | Found a one-way gate leading to the halls of Pandemonium.
 28003 | Orc:2    | Reached XP level 17. HP: 93/113 MP: 17/17
 28698 | Orc:2    | Upgraded the game from 0.30-a0-972-gf3ab3527aa to
                  | 0.30-a0-1157-g2cc9ac7196
 29039 | Elf:3    | Killed a deep elf master archer
 29040 | Elf:3    | Reached skill level 1 in Evocations
 29119 | Elf:3    | Reached skill level 15 in Polearms
 29428 | Elf:3    | Identified the amulet "Qaotaugg" {Faith Will+}
 29435 | Elf:2    | Killed from afar by a deep elf annihilator

Illustrated notes

Levels and vault maps discovered:
D:1:      pf_arrival_petrified_forest, layout_basic
D:2:      layout_loops_cross, basic_altar
D:3:      layout_basic, serial_shops, nicolae_shop_hallway_plus,
          chequers_serial_rivers_room_a, uniq_natasha
D:4:      layout_basic, kiku_gazebo_garden_becter,
          minmay_temple_entry_junction_2
D:5:      layout_loops_ring, serial_glass, glass_columns_c, glass_columns_b,
          glass_columns_b, glass_columns_c, glass_columns_b, glass_columns_b,
          glass_columns_b, glass_columns_c, glass_columns_b, glass_columns_b,
          glass_columns_b, glass_columns_c, glass_columns_b, glass_columns_a,
          nicolae_stop_n_shop_2
D:6:      layout_loops_corners, elyvilon_altar_5,
          mainiacjoe_overflow_catch_the_wave, uniq_blork_the_orc, uniq_maggie
D:7:      layout_rooms, mainiacjoe_overflow_alcove_4,
          hellmonk_guarded_unrand_vitality_bloodlust, uniq_joseph,
          uniq_prince_ribbit1
D:8:      layout_basic, gammafunk_temple_overflow_wave,
          nicolae_ru_path_of_blood, gammafunk_temple_overflow_arena,
          nicolae_dithmenos_through_a_glass_darkly, dancing_weapons_uskayaw,
          minmay_lair_entry_grove, grunt_decor_one_mirror,
          nicolae_diode_intersection, uniq_psyche
D:9:      minmay_chambers_of_sevens, layout_irregular_city,
          evilmike_ruin_ashenzari, serial_shops, shop
D:10:     layout_stronghold, nemelex_altar_shiori
D:11:     layout_basic, zombieorc1_lemuel
D:12:     layout_basic, gammafunk_ghost_necromancy, gauntlet_entry_generic
D:13:     layout_cross, serial_glass, glass_columns_a, glass_columns_a,
          glass_columns_c, glass_columns_c, item_on_display_a
D:14:     layout_roguey, grunt_vaults_entry_fortified, interstate_on_off
D:15:     grunt_enter_depths_giant_problem, layout_long_grid,
          grunt_decor_clamped, drop_trap, small_chamber_with_monster,
          uniq_louise
Temple:   chequers_temple_sunken
Orc:1:    layout_diamond_mine, basic_altar, guppyfry_library_mini, uniq_sonja
Orc:2:    pf_orc_diabolical, layout_caves, portal_ice_cave_entry_pillars_2,
          basic_altar
Elf:1:    minmay_elf_arrival_plus, layout_rooms, serial_aquarium,
          aquarium_bridge_square [aquarium_subvault_wall,
          aquarium_subvault_bridge, aquarium_subvault_window,
          aquarium_subvault_wall], aquarium_bridge_long_separate
          [aquarium_subvault_balcony, aquarium_subvault_bridge,
          aquarium_subvault_wall, aquarium_subvault_bridge,
          aquarium_subvault_balcony, aquarium_subvault_bridge],
          aquarium_window_1, aquarium_window_corridor_1, aquarium_view_2f,
          aquarium_view_2d, aquarium_pool_2, kennysheep_underground_church
Elf:2:    nicolae_elf_blades_crystal_corner, layout_onion_city, serial_shops,
          nicolae_shop_crystal, shop, nicolae_shop_clearance, lemuel_elevator
Elf:3:    grunt_elf_hall_diamonds, layout_gridlike, serial_shops,
          nicolae_shop_behind_doors, shop_coins, uniq_roxanne

Skill      XL: |  1  2  3  4  5  6  7  8  9 10 11 12 13 14 15 16 17 |
---------------+----------------------------------------------------+-----
Throwing       | 2 3 4 |  4.1
Long Blades    | 3 4 6 7 |  7.5
Dodging        | 3 4 |  4.9
Armour         | 1 2 3 4 5 7 8 9 10 12 13 15 16 | 16.5
Fighting       | 3 4 5 6 7 9 10 11 13 14 15 | 15.5
Stealth        | 1 2 3 4 |  4.4
Polearms       | 4 7 10 11 12 13 14 15 | 15.0
Shields        | 1 3 6 8 10 12 13 | 13.1
Evocations     | 1 |  1.2

Action                     |  1- 3 |  4- 6 |  7- 9 | 10-12 | 13-15 | 16-18 || total
---------------------------+-------+-------+-------+-------+-------+-------++-------
  Melee: Long sword        |   132 |   110 |    95 |       |       |       ||   337
         Punch             |       |     1 |     3 |     2 |       |       ||     6
         Lance             |       |       |    80 |   394 |   861 |   466 ||  1801
  Throw: Throwing net      |       |       |     4 |       |       |       ||     4
         Dart              |       |       |     4 |    12 |       |       ||    16
         Javelin           |       |       |     1 |       |       |       ||     1
 Invoke: Serpent's Lash    |       |       |       |       |     1 |     1 ||     2
Ability: Lunge             |       |     7 |     8 |    43 |    87 |    49 ||   194
         Whirlwind         |       |       |       |     5 |    27 |     6 ||    38
  Evoke: Wand              |       |       |       |       |       |     3 ||     3
         Phantom mirror    |       |       |       |       |       |     2 ||     2
         Lightning rod     |       |       |       |       |       |     2 ||     2
    Use: Scroll            |     3 |     7 |     4 |     4 |    20 |    18 ||    56
         Potion            |       |       |     3 |     1 |     5 |    17 ||    26
   Stab: Sleeping          |     1 |     1 |       |       |       |       ||     2
 Armour: Leather armour    |    71 |    18 |       |       |       |       ||    89
         Chain mail        |       |    38 |   111 |    42 |       |       ||   191
         Skin              |       |       |     1 |       |       |       ||     1
         Plate armour      |       |       |       |   120 |   470 |   213 ||   803
  Dodge: Dodged            |    98 |    55 |    91 |    62 |   148 |    48 ||   502
  Block: Kite shield       |       |       |       |    41 |   281 |       ||   322
         Tower shield      |       |       |       |       |    77 |   293 ||   370
Riposte: Long sword        |       |    22 |    12 |       |       |       ||    34
         Lance             |       |       |    20 |    26 |   118 |    70 ||   234

Table legend: (Time is in decaauts)
 A = Elapsed time spent in this place.
 B = Non-inter-level travel time spent in this place.
 C = Inter-level travel time spent in this place.
 D = Time resting spent in this place.
 E = Time spent auto-exploring this place.
 F = Levels seen in this place.
 G = Mean time per level.
                   A        B        C        D        E       F      G
               +--------+--------+--------+--------+--------+-----+--------+
         Total |  30619 |  29943 |    676 |   9510 |  11504 |  22 | 1391.8 |
       Dungeon |  17901 |  17526 |    375 |   3768 |   8870 |  15 | 1193.4 |
        Temple |    302 |    302 |      0 |      0 |    207 |   1 |  302.0 |
  Orcish Mines |   5330 |   5118 |    212 |   2832 |    761 |   2 | 2665.0 |
   Elven Halls |   6487 |   6398 |     89 |   2801 |   1469 |   3 | 2162.3 |
      Gauntlet |    597 |    597 |      0 |    107 |    196 |   1 |  597.0 |
               +--------+--------+--------+--------+--------+-----+--------+

Top non-repeatable levels by time:
   Orc:2: 3707 daAuts
   Elf:2: 3007 daAuts
    D:14: 2056 daAuts
   Elf:3: 1917 daAuts
     D:6: 1631 daAuts
   Orc:1: 1623 daAuts
   Elf:1: 1563 daAuts
    D:12: 1520 daAuts
     D:8: 1453 daAuts
    D:13: 1372 daAuts
     D:9: 1343 daAuts
    D:11: 1321 daAuts
    D:15: 1237 daAuts
     D:3: 1024 daAuts
     D:4: 936 daAuts
